 Dungeon Crawl Stone Soup version 0.30-a0-1053-gbd8d5ba0ad (webtiles) character file.

Game seed: 14413186481915706604

11 retardedninja the Trooper (level 2, -1/28 HPs)
             Began as a Naga Fighter on Apr 11, 2023.
             Slain by a gnoll
             ... wielding a +0 club
              (8 damage)
             ... on level 2 of the Dungeon.
             The game lasted 00:00:35 (555 turns).

retardedninja the Trooper (Naga Fighter)             Turns: 555, Time: 00:00:35

Health: -1/28      AC:  4    Str: 18    XL:     2   Next: 25%
Magic:  2/2        EV:  7    Int:  8    God:
Gold:   103        SH:  4    Dex: 10    Spells: 1/1 levels left

rFire   . . .      SeeInvis +    a - +0 war axe
rCold   . . .      Faith    .    c - +0 buckler
rNeg    . . .      Spirit   .    b - +0 scale mail
rPois   +          Reflect  .    (no helmet)
rElec   .          Rampage  .    (no cloak)
rCorr   .                        (no gloves)
Will    .....                    (no barding) Stlth
                                 (no amulet)
HPRegen 0.24/turn                (no ring)
MPRegen 0.08/turn                (no ring)

@: attractive, studying Fire Magic, very slow
A: AC +0, large, see invisible, deformed body, poison resistance, slowness 2,
spit poison 1, naga tail 1
a: Spit Poison


You were on level 2 of the Dungeon.
You visited 1 branch of the dungeon, and saw 2 of its levels.

You collected 103 gold pieces.

Inventory:

Hand Weapons
 a - a +0 war axe (weapon)
Armour
 b - a +0 scale mail (worn)
 c - a +0 buckler (worn)
Scrolls
 e - 2 scrolls of torment {unknown}
 h - a scroll of blinking {unknown}
 i - a scroll of teleportation {unknown}
 l - a scroll of summoning {unknown}
Potions
 d - a potion of might
 f - a potion of brilliance {unknown}
 g - a potion of curing {unknown}
 k - a potion of lignification {unknown}
 m - a potion of mutation {unknown}


   Skills:
 + Level 3.1 Fighting
 * Level 2.2 Axes
 + Level 2.5 Armour
 + Level 2.8 Shields


You had one spell level left.
You didn't know any spells.
Your spell library was empty.

Dungeon Overview and Level Annotations

Branches:
Dungeon (2/15)

Altars:


Innate Abilities, Weirdness & Mutations

Your serpentine skin is tough. (AC +0)
You have supernaturally acute eyesight. (SInv)
Armour fits poorly on your strangely shaped body.
Your system is resistant to poisons. (rPois)
You cover ground very slowly.
You can spit poison.
You have a snake-like lower body.


Message History

m - a fuming emerald potion No target in view!
You see here a +0 spear.
Key pressed, stopping explore.
No target in view!
Key pressed, stopping explore.
No target in view!
You now have 103 gold pieces (gained 12). 2 gnolls come into view.
The gnoll shouts! x2; You hear a shout!
A gnoll comes into view. It is wielding a +0 spear.
You hit the gnoll.
The gnoll is lightly wounded.
You block the gnoll's attack. The gnoll completely misses you.
You block the gnoll's attack.
There are monsters nearby!
You closely miss the gnoll.
The gnoll is lightly wounded.
The gnoll hits you with a +0 club.
There are monsters nearby!
You closely miss the gnoll.
The gnoll is lightly wounded.
The gnoll hits you with a +0 club. The gnoll completely misses you.
There are monsters nearby!
You hit the gnoll.
The gnoll is heavily wounded.
The gnoll hits you but does no damage. You block the gnoll's attack.
The gnoll barely misses you. The gnoll hits you with a +0 club.
You are too injured to fight recklessly!
You are too injured to fight recklessly!
The gnoll barely misses you. The gnoll closely misses you.
The gnoll hits you from afar with a +0 spear.
The gnoll attacks as you move away! The gnoll hits you with a +0 club.
* * * LOW HITPOINT WARNING * * *
The gnoll attacks as you move away! The gnoll hits you but does no damage.
It was a potion of attraction.
You feel attractive to monsters. You block the gnoll's attack.
The gnoll barely misses you. The gnoll attacks as you move away!
The gnoll hits you with a +0 club!
You die...

# #.. #.# #.# #.# #....#
#.#...##.###.#####.###..(.##
...........................
.#...##.###....##.#......##
#...##.# ####.##.#.#.####
#......######.##.#.#...
#..###........##.#.##### #
#.#########.#.#
#.gg@....##.#.#
#g###..#.##.#.#
#...g............#.####.#
####.#.##.........<.....#
...#.#####.....######## ##.
#.# #....... #. #.#
#....#### . #.# #..... ##
#.# ##.####


You could see 3 gnolls.

Vanquished Creatures
  3 ball pythons (D:1)
  4 endoplasms (D:1)
  2 rats (D:1)
9 creatures vanquished.

Notes
Turn   | Place    | Note
-------+----------+-------------------------------------------
     0 | D:1      | retardedninja the Naga Fighter began the quest for the Orb.
     0 | D:1      | Reached XP level 1. HP: 21/21 MP: 1/1
   163 | D:1      | Reached XP level 2. HP: 25/28 MP: 2/2
   222 | D:1      | Found a faded altar of an unknown god.
   555 | D:2      | Slain by a gnoll

Illustrated notes

Levels and vault maps discovered:
D:1:      heliophobic_arrival_ceremonial_halls, layout_rooms,
          basic_ecumenical_altar, minmay_misc_feat_four_crosses
D:2:      layout_basic

Action                     || total
---------------------------++-------
  Melee: War axe           ||    27
    Use: Potion            ||     1
 Armour: Scale mail        ||    13
  Dodge: Dodged            ||    13
  Block: Buckler           ||     6

Table legend: (Time is in decaauts)
 A = Elapsed time spent in this place.
 B = Non-inter-level travel time spent in this place.
 C = Inter-level travel time spent in this place.
 D = Time resting spent in this place.
 E = Time spent auto-exploring this place.
 F = Levels seen in this place.
 G = Mean time per level.
                   A        B        C        D        E       F      G
               +--------+--------+--------+--------+--------+-----+--------+
         Total |    746 |    723 |     23 |      0 |    616 |   2 |  373.0 |
       Dungeon |    746 |    723 |     23 |      0 |    616 |   2 |  373.0 |
               +--------+--------+--------+--------+--------+-----+--------+

Top non-repeatable levels by time:
     D:1: 612 daAuts
     D:2: 134 daAuts
